 Dungeon Crawl Stone Soup version 0.27-a0-1359-ga2a4dfd6fd (webtiles) character file.

Game seed: 13159082543652975851

1064 dickylongcocking the Fighter (level 8, -1/67 HPs)
             Began as a Djinni Hedge Wizard on June 29, 2021.
             Was an Initiate of Makhleb.
             Slain by a kobold brigand (10 damage)
             ... on level 6 of the Dungeon.
             The game lasted 00:08:43 (7818 turns).

dickylongcocking the Fighter (Djinni Hedge Wizard)  Turns: 7818, Time: 00:08:43

Health: -1/67      AC:  2    Str:  9    XL:     8   Next: 52%
Gold:   151        EV: 12    Int: 19    God:    Makhleb [......] SH:  0 Dex: 12

rFire    + + .     SeeInvis .   (no weapon)
rCold    x . .     Faith    .   (no shield)
rNeg     . . .     Spirit   .   b - +0 robe
rPois    ∞         Reflect  .   c - +0 hat
rElec    .         Harm     .   (no cloak)
rCorr    .         Rampage  .   (no gloves)
Will     .....                  (boots unavailable)
Stlth    ++........             (no amulet)
HPRegen  0.21/turn              (no ring)
MPRegen  0.00/turn              (no ring)

@: flying
A: sickness immunity, fire resistance 2, cold vulnerability 1, float, innate
caster, hp casting, extra vitality 1
a: Renounce Religion


You were on level 6 of the Dungeon.
You worshipped Makhleb.
Makhleb was noncommittal.
You visited 2 branches of the dungeon, and saw 7 of its levels.
You also visited: Sewer.

You collected 151 gold pieces.

Inventory:

Hand Weapons
 a - a +0 dagger
 f - a +0 falchion
 g - a +3 dagger of draining
Missiles
 s - 50 stones
Armour
 b - a +0 robe (worn)
 c - a +0 hat (worn)
Jewellery
 d - the amulet of Symmetry {Reflect Int+9 SH+5}
   (You acquired it on level 6 of the Dungeon)

   [amulet of reflection]

   It reflects blocked missile attacks.Int: It affects your intelligence (+9).
   SH:        It affects your SH (+5).
 j - a ring of flight
Scrolls
 o - a scroll of identify
 p - 3 scrolls of amnesia
Potions
 e - a potion of haste
 m - a potion of cancellation
 n - a potion of might {unknown}


   Skills:
 - Level 9.0 Fighting
 - Level 2.1 Dodging
 - Level 1.5 Stealth
 * Level 3.2 Spellcasting


You couldn't memorise any spells.
You knew the following spells:

 Your Spells              Type           Power      Damage    Failure   Level
a - Magic Dart            Conj           60%        1d6       4%          1
b - Blink                 Tloc           N/A        N/A       6%          2
c - Call Imp              Summ           15%        N/A       6%          2
d - Slow                  Hex            15%        N/A       6%          2
e - Conjure Flame         Conj/Fire      15%        6-21      12%         3
f - Mephitic Cloud        Conj/Pois/Air  15%        N/A       12%         3
g - Sandblast             Erth           30%        2d9       4%          1
h - Static Discharge      Conj/Air       15%        N/A       6%          2
i - Lesser Beckoning      Tloc           7%         N/A       12%         3
Your spell library was empty.

Dungeon Overview and Level Annotations

Branches:
Dungeon (6/15)             Temple (1/1) D:5           Sewer (visited)

Altars:
Ashenzari
Dithmenos
Elyvilon
Fedhas
Hepliaklqana
Kikubaaqudgha
Makhleb
Nemelex Xobeh
Okawaru
Qazlal
Sif Muna
Trog
Vehumet
Wu Jian
Yredelemnul
The Shining One

Shops:
D:2 *   D:3 =

Annotations:
D:5 2 transporters, Alvadar's ghost, amateur DgFE


Innate Abilities, Weirdness & Mutations

You are immune to sickness and miasma.
You are immune to poison.
Your flesh is very heat resistant. (rF++)
You are vulnerable to cold. (rC-)
You float through the air rather than walking.
You learn spells naturally, not from books.
Your magical power is your life essence.
You have superior vitality. (+4 HP)


Message History

Unknown command.
Unknown command.
Unknown command.
As you read the scroll labelled TOQACR MUORR, it crumbles to dust.
It is a scroll of identify.
p - 3 scrolls of amnesia
As you read the scroll labelled ESA JAESOAF, it crumbles to dust.
The creatures around you are filled with an inner flame!
It was a scroll of immolation.
The kobold brigand throws a poisoned dart.
The poisoned dart hits you!
Found a rapier.
A wight comes into view. It is wielding a +2 war axe.
An orc comes into view. It is wielding a +0 hand axe.
The wight moves out of view.
Found a mace.
Okay, then.
You aren't carrying any items that you can evoke.
Unknown command.
Okay, then.
As you read the scroll labelled JAASTR HEESM, it crumbles to dust.
It is a scroll of enchant weapon.
Your +2 dagger of draining glows red for a moment.
A wight comes into view. It is wielding a +0 flail.
The kobold brigand throws a poisoned dart.
The poisoned dart hits you!
An orc comes into view. It is wielding a +0 flail.
This is a scroll of acquirement!
Something appears before you!
A wight comes into view. It is wielding a +0 halberd.
d - the amulet of Symmetry {Reflect Int+9 SH+5} Something misses your crimson imp.
The orc hits you with a +0 hand axe.
* * * LOW HITPOINT WARNING * * *
Unknown command.
Unknown command.
Okay, then.
It was a potion of flight.
You feel more buoyant.
The kobold brigand hits you with a +0 short sword!
You die...

### ## .< ..) #.##
.... .#..## .....
..... ......####
#... #zoo@.# #§..
..z.)###K# ##.. ...
#o# #.. # #5###
####..
#K.[########.....
#####.K..#$.§..#...
#.....K.5..).....##
#.#.......##.#####
.....########.#


You could see a kobold brigand (inner flame), 2 wights, an orc priest, 2 orcs, a
kobold (inner flame) and a friendly crimson imp (summoned, inner flame).

Vanquished Creatures
  Pikel (D:4)
  Menkaure (D:5)
  A sky beast (D:6)
  Purgy (Sewer)
  An ogre (D:4)
  A centaur (D:5)
  A howler monkey (D:5)
  A bullfrog zombie (D:5)
  2 hounds
  2 iguanas (D:5)
  An orc wizard (D:5)
  2 adders
  A shadow imp (D:5)
  2 worms
  A dart slug (D:1)
  5 orcs
  10 endoplasms
  2 giant cockroaches
  3 goblins
  7 hobgoblins
  A jackal (D:3)
  4 kobolds
  5 ball pythons
  7 bats
  A frilled lizard (D:3)
  7 rats
71 creatures vanquished.

Vanquished Creatures (collateral kills)
  2 hounds
  An iguana (D:6)
  2 adders (D:5)
  2 worms
  6 orcs
  2 ball pythons (D:4)
  A bat (D:3)
  An endoplasm (D:2)
  3 jackals (D:3)
  3 kobolds
  A frilled lizard (D:2)
24 creatures vanquished.

Grand Total: 95 creatures vanquished

Notes
Turn   | Place    | Note
-------+----------+-------------------------------------------
     0 | D:1      | dickylongcocking the Djinni Hedge Wizard began the quest
                  | for the Orb.
     0 | D:1      | Reached XP level 1. HP: 15/15 MP: 0/0
    79 | D:1      | Found a faded altar of an unknown god.
   447 | D:1      | Reached skill level 1 in Fighting
   564 | D:1      | Reached XP level 2. HP: 8/22 MP: 0/0
  1275 | D:1      | Reached skill level 2 in Fighting
  1722 | D:2      | Reached XP level 3. HP: 22/29 MP: 0/0
  1722 | D:2      | Learned a level 1 spell: Sandblast
  2262 | D:2      | Reached skill level 3 in Fighting
  2868 | D:2      | Found Cecyusma's Assorted Antiques.
  3143 | D:2      | Reached XP level 4. HP: 29/35 MP: 0/0
  3477 | D:3      | Found a shadowy altar of Dithmenos.
  3550 | D:3      | Found a stormy altar of Qazlal.
  3566 | D:3      | Found Juappyhy's Jewellery Shop.
  4061 | D:4      | Found a glowing golden altar of the Shining One.
  4061 | D:4      | Found a faded altar of an unknown god.
  4068 | D:4      | Found a basalt altar of Yredelemnul.
  4072 | D:4      | Found a faded altar of an unknown god.
  4334 | D:4      | Reached skill level 4 in Fighting
  4439 | D:4      | Reached XP level 5. HP: 37/41 MP: 0/0
  4439 | D:4      | Learned a level 2 spell: Static Discharge
  4845 | D:4      | Found a hazy altar of Hepliaklqana.
  4978 | D:4      | Noticed a lemure
  4979 | D:4      | Noticed Pikel
  4984 | D:4      | Noticed a lemure
  4992 | D:4      | Noticed a lemure
  5012 | D:4      | Noticed a lemure
  5013 | D:4      | Killed Pikel
  5014 | D:4      | Reached skill level 6 in Fighting
  5014 | D:4      | Reached XP level 6. HP: 18/51 MP: 0/0
  5211 | D:4      | Noticed an ogre
  5483 | D:4      | Killed an ogre
  5484 | D:4      | Reached XP level 7. HP: 30/57 MP: 0/0
  5484 | D:4      | Learned a level 3 spell: Lesser Beckoning
  5699 | D:5      | Entered Level 5 of the Dungeon
  5710 | D:5      | Reached skill level 7 in Fighting
  5962 | D:5      | Found a staircase to the Ecumenical Temple.
  6021 | D:5      | Noticed Menkaure
  6038 | Temple   | Entered the Ecumenical Temple
  6175 | Temple   | Became a worshipper of Makhleb the Destroyer
  6226 | D:5      | Found a glowing drain.
  6237 | Sewer    | Entered a sewer
  6332 | Sewer    | Noticed Purgy
  6369 | Sewer    | Killed Purgy
  6646 | D:5      | Reached skill level 8 in Fighting
  6832 | D:5      | Killed Menkaure
  6833 | D:5      | Reached XP level 8. HP: 8/66 MP: 0/0
  7394 | D:5      | Found a transporter.
  7395 | D:5      | Found a transporter.
  7395 | D:5      | Noticed Alvadar's ghost (amateur DgFE)
  7780 | D:6      | Reached skill level 9 in Fighting
  7816 | D:6      | Identified a scroll of acquirement
  7816 | D:6      | Acquired the amulet of Symmetry {Reflect Int+9 SH+5}
  7818 | D:6      | Slain by a kobold brigand

Illustrated notes

Levels and vault maps discovered:
D:1:      dpeg_arrival_shelter, layout_loops_ring,
          shapermc_ecumenical_altar_flowoftime
D:2:      layout_loops_corners, serial_shops, shop
D:3:      layout_rooms, nicolae_overflow_crystal_walls, lemuel_doored_altar,
          lemuel_tele_altar, serial_shops, shop
D:4:      layout_loops_ring, general_overflow_altar,
          chequers_temple_overflow_minitemple, moated_statue, uniq_pikel
D:5:      layout_rooms, minmay_temple_entry_statues_fountains,
          gammafunk_ghost_smash, cheibrodos_sewer_entry_sluice,
          grunt_ministairs_2, minmay_misc_feat_tower, uniq_menkaure
D:6:      layout_rooms, marbit_many_paths
Temple:   minmay_temple_curvy_loop

Skill      XL: |  1  2  3  4  5  6  7  8 |
---------------+-------------------------+-----
Fighting       | 1 2 3 4 6 8 9 |  9.0
Spellcasting   | 3 |  3.2
Dodging        | |  2.1
Stealth        | |  1.5

Action                   |  1- 3 |  4- 6 |  7- 9 || total
-------------------------+-------+-------+-------++-------
Melee: Dagger            |    64 |    53 |    21 ||   138
       Unarmed           |       |       |    19 ||    19
       Falchion          |       |       |     2 ||     2
 Cast: Magic Dart        |    34 |    12 |     4 ||    50
       Call Imp          |    14 |    19 |    11 ||    44
       Blink             |       |     3 |     3 ||     6
       Mephitic Cloud    |       |     1 |    17 ||    18
       Sandblast         |       |       |    30 ||    30
       Static Discharge  |       |       |     7 ||     7
  Use: Potion            |       |       |    12 ||    12
       Scroll            |       |       |     5 ||     5
 Stab: Confused          |       |       |     1 ||     1
       Sleeping          |       |       |     1 ||     1
Armor: Robe              |    15 |    11 |    17 ||    43
       Skin              |       |       |    36 ||    36
Dodge: Dodged            |    35 |    56 |    45 ||   136

Table legend: (Time is in decaauts)
 A = Elapsed time spent in this place.
 B = Non-inter-level travel time spent in this place.
 C = Inter-level travel time spent in this place.
 D = Time resting spent in this place.
 E = Time spent auto-exploring this place.
 F = Levels seen in this place.
 G = Mean time per level.
                   A        B        C        D        E       F      G
               +--------+--------+--------+--------+--------+-----+--------+
         Total |   7809 |   7508 |    301 |    418 |   6048 |   8 |  976.1 |
       Dungeon |   7376 |   7147 |    229 |    418 |   5780 |   6 | 1229.3 |
        Temple |    178 |    106 |     72 |      0 |    104 |   1 |  178.0 |
         Sewer |    254 |    254 |      0 |      0 |    164 |   1 |  254.0 |
               +--------+--------+--------+--------+--------+-----+--------+

Top non-repeatable levels by time:
     D:2: 1908 daAuts
     D:4: 1812 daAuts
     D:5: 1519 daAuts
     D:1: 1387 daAuts
     D:3: 671 daAuts
   Sewer: 254 daAuts
  Temple: 178 daAuts
     D:6: 76 daAuts
